 Dungeon Crawl Stone Soup version 0.30.1-3-gfc49f6343a (webtiles) character file.

Game seed: 3202421235290724174

94191 cheesebisquit the Brawler (level 15, -1/220 (234) HPs)
             Began as a Troll Fighter on July 22, 2023.
             Was the Champion of Wu Jian.
             Slain by a pharaoh ant (4 damage)
             ... on level 1 of the Spider Nest.
             The game lasted 01:17:54 (23853 turns).

cheesebisquit the Brawler (Troll Fighter)          Turns: 23853, Time: 01:17:55

HP:   -1/220 (234)  AC: 31    Str: 28    XL:     15   Next: 62%
MP:   14/14         EV:  1    Int: 10    God:    Wu Jian [******]
Gold: 1598          SH:  0    Dex:  7    Spells: 14/14 levels left

rFire   . .          .
                       - Unarmed
rCold   . . .        N - +4 kite shield
rNeg    . . .        Y - melded +4 swamp dragon scales
rPois   +            Q - melded +2 hat
rElec   .            w - melded +2 cloak {rCorr}
rCorr   .            (gloves unavailable)
SInv    .            (boots unavailable)
Will    +++..        V - amulet "Abben" {Faith Will++ Dex-2}
Stlth   +            x - +4 ring of protection
HPRegen 1.36/turn    H - ring of poison resistance
MPRegen 0.14/turn

%: faith
@: confused, tree-form, studying Ice Magic, drained
A: stationary, stasis, torment immunity, boosted hp, large, unfitting armour,
(claws 3), regeneration 1, (shaggy fur 1), (tough skin 1)
a: Renounce Religion, Wall Jump, Serpent's Lash, Heavenly Storm


You were on level 1 of the Spider Nest.
You worshipped Wu Jian.
Wu Jian was exalted by your worship.
You were a tree.
You visited 5 branches of the dungeon, and saw 24 of its levels.

You collected 2201 gold pieces.
You spent 603 gold pieces at shops.

Inventory:

Hand Weapons
 b - a +1 morningstar of protection
 r - a +0 dagger of venom
 U - the +4 spear of Offence {chaos, Stlth+}
   (You took it off a gnoll sergeant on level 6 of the Dungeon)

   Stlth:     It makes you more stealthy.
 W - a +2 war axe of flaming
Missiles
 c - 22 poisoned darts (quivered)
 k - 2 throwing nets
 z - 6 boomerangs
 F - 2 boomerangs of dispersal
 G - 2 curare-tipped darts
 M - 3 atropa-tipped darts
 S - 26 large rocks
Armour
 l - a +2 robe of fire resistance
 w - a +2 cloak of preservation (melded)
 J - the +1 robe "Vauckes" {Archmagi}
   (You bought it in a shop on level 2 of the Dungeon)

   Archmagi:  It increases the power of your magical spells.
 N - a +4 kite shield (worn)
 P - a +2 robe of resistance
 Q - a +2 hat (melded)
 R - a +0 troll leather armour
 Y - +4 swamp dragon scales (melded)
Jewellery
 x - a +4 ring of protection (left branch)
 H - a ring of poison resistance (right branch)
 O - a ring of protection from cold
 V - the amulet "Abben" (around neck) {Faith Will++ Dex-2}
   (You found it on level 6 of the Dungeon)

   [amulet of faith]

   It allows you to gain divine favour quickly.
   Dex:       It affects your dexterity (-2).
   Will:      It greatly increases your willpower.
Wands
 d - a wand of mindburst (21)
 v - a wand of roots (18)
 B - a wand of paralysis (42)
 D - a wand of quicksilver (4)
 E - a wand of digging (9)
 K - a wand of flame (7)
 T - a wand of polymorph (5)
Scrolls
 e - 2 scrolls of amnesia {unknown}
 f - 4 scrolls of fog
 m - 2 scrolls of magic mapping
 n - 8 scrolls of teleportation
 s - 2 scrolls of poison
 u - 2 scrolls of blinking
 y - a scroll of torment {unknown}
 A - a scroll of immolation
 C - a scroll of vulnerability {unknown}
 I - a scroll of acquirement {unknown}
Potions
 g - 10 potions of curing
 h - 3 potions of resistance
 i - 5 potions of mutation
 j - 4 potions of attraction
 o - 5 potions of flight
 p - 2 potions of brilliance
 t - 2 potions of magic
 L - 2 potions of lignification
 X - a potion of cancellation
 Z - a potion of haste


   Skills:
 + Level 11.9 Fighting
 + Level 8.1 Dodging
 + Level 12.9 Shields
 * Level 18.9 Unarmed Combat


You had 14 spell levels left.
You didn't know any spells.
Your spell library contained the following spells:

 Spells                   Type           Power      Damage    Failure   Level
 Apportation              Tloc           0%         N/A       50%         1
 Kiss of Death            Conj/Necr      0%         2d5       50%         1
 Slow                     Hex            0%         N/A       50%         1
 Lesser Beckoning         Tloc           0%         N/A       63%         2
 Static Discharge         Conj/Air       0%         2-2/arc   63%         2
 Sublimation of Blood     Necr           0%         N/A       63%         2
 Confusing Touch          Hex            0%         N/A       86%         3
 Gell's Gravitas          Tloc           0%         N/A       86%         3
 Teleport Other           Tloc           0%         N/A       86%         3
 Tukima's Dance           Hex            0%         N/A       86%         3
 Vampiric Draining        Necr           0%         2d6       86%         3
 Airstrike                Air            0%         2d(0-16)  99%         4
 Anguish                  Hex/Necr       0%         N/A       99%         4
 Cause Fear               Hex            0%         N/A       99%         4
 Dispel Undead            Necr           0%         3d6       99%         4
 Passage of Golubria      Tloc           0%         N/A       99%         4
 Petrify                  Tmut/Erth      0%         N/A       99%         4
 Summon Lightning Spire   Summ/Air       0%         N/A       99%         4
 Alistair's Intoxication  Tmut/Pois      0%         N/A       100%        5
 Irradiate                Conj/Tmut      0%         3d11      100%        5
 Yara's Violent Unravell  Hex/Tmut       0%         3d3       100%        5
 Conjure Ball Lightning   Conj/Air       0%         3x3d6     100%        6
 Enfeeble                 Hex            0%         N/A       100%        7
 Discord                  Hex            0%         N/A       100%        8
 Disjunction              Tloc           0%         N/A       100%        8


Dungeon Overview and Level Annotations

Branches:
Dungeon (15/15)            Temple (1/1) D:7            Lair (5/5) D:10
 Shoals (0/4) Lair:3       Spider (1/4) Lair:3        Slime (0/5) Lair:5
    Orc (2/2) D:10            Elf (0/3) Orc:2        Vaults (0/5) D:13
 Depths (0/4) D:15

Altars:
Ashenzari
Cheibriados
Dithmenos
Elyvilon
Fedhas
Gozag
Hepliaklqana
Kikubaaqudgha
Makhleb
Nemelex Xobeh
Okawaru
Qazlal
Ru
Sif Muna
Trog
Uskayaw
Vehumet
Wu Jian
Xom
Yredelemnul
Zin
The Shining One
Jiyva

Shops:
D:2 :[:[[   D:4 [   D:14 *[[   D:15 [   Orc:2 (:*=


Innate Abilities, Weirdness & Mutations

You are a tree.
Your roots penetrate the ground, keeping you stationary.
You cannot be teleported.
You are immune to unholy pain and torment.
Your maximum health is greatly increased.
Your equipment is partially melded.
You are too large for most types of armour.
((You have claws for hands.))
Your natural rate of healing is unusually fast.
((You are covered in fur. (AC +1)))
((You have tough skin. (AC +1)))


Message History

The jumping spider leaps!
The radroach bites you!
* * * LOW HITPOINT WARNING * * *
The radroach barely misses you.
You are too confused!
You feel much better.
The pharaoh ant bites you but does no damage. x2
The tarantella touches you but does no damage.
The tarantella touches you.
You are more confused.
The wolf spider hits you but does no damage.
The wolf spider bites you but does no damage.
The wolf spider hits you. The wolf spider bites you.
* * * LOW HITPOINT WARNING * * *
The jumping spider leaps! x2; The pharaoh ant closely misses you.
The pharaoh ant bites you!!
* * * LOW HITPOINT WARNING * * *
You feel drained.
* * * LOW HITPOINT WARNING * * *
The wolf spider barely misses you.
The wolf spider bites you but does no damage.
The tarantella touches you but does no damage.
The radroach closely misses you.
The radroach claws you but does no damage.
The wolf spider hits you.
* * * LOW HITPOINT WARNING * * *
The wolf spider bites you but does no damage.
The jumping spider's many legs skitter faintly.
You are too confused!
Okay, then.
Okay, then.
Okay, then.
You are too confused!
Really quaff the potion of lignification?
You turn into a tree.
Your +2 cloak of preservation melds into your body.
Your +2 hat melds into your body.
Your +4 swamp dragon scales melds into your body.
Your roots penetrate the ground.
The jumping spider leaps! x2
The pharaoh ant bites you.
You die...

.....#......#
..}..^.. ... .#
#.#..#......
... .y...B.....
#..#..°.#..#.#
#.....s....^..
.^.#..sBBs.○.#.
......s♣Bs.s..s
..#...ss#......
....#$.s. .○.○#
...>..#... #s..
. ......... ..
..#..#.....s .
# ... ......#
...#........


You could see a broodmother, a radroach, a boulder beetle, a spark wasp, 2 wolf
spiders, 2 culicivoras, 2 pharaoh ants, 4 jumping spiders, 2 tarantellas and a
redback (summoned).

Vanquished Creatures
  Rupert (D:12)
  An ironbound preserver (D:13)
  A stone giant (D:15)
  5 hydras
  3 ogre magi
  A radroach (Lair:3)
  3 catoblepae (Lair:5)
  6 centaur warriors
  10 two-headed ogres
  A death knight (D:13)
  2 tengu warriors (D:15)
  2 boulder beetles
  20 death yaks (Lair:5)
  3 orc high priests (Orc:2)
  3 skeletal warriors (D:13)
  A skyshark (Lair:4)
  A lindwurm (Lair:5)
  8 orc knights
  Pikel (D:7)
  3 deep elf pyromancers
  5 orc sorcerers
  A wolf spider (Lair:3)
  4 manticores
  14 elephants
  Maurice (D:8)
  6 cyclopes
  The ghost of Cheops the Grappler, a novice TrFi (D:6)
  4 black mambas
  Joseph (D:7)
  2 guardian serpents (D:12)
  A water nymph (Lair:3)
  A gargoyle (D:13)
  9 cane toads
  Maggie (Lair:2)
  3 torpor snails
  2 unseen horrors
  3 rime drakes
  3 yaktaurs (D:15)
  A kobold demonologist (D:11)
  A tengu conjurer (D:14)
  9 komodo dragons
  An efreet (D:15)
  9 trolls
  2 polar bears
  A tarantella (Lair:3)
  A hornet (D:9)
  Grinder (D:3)
  2 dream sheep (Lair:1)
  16 slime creatures
  8 blink frogs (Lair:2)
  3 culicivoras (Lair:3)
  A jumping spider (Lair:3)
  A centaur simulacrum (D:14)
  Sigmund (D:6)
  3 shadows
  A wraith (D:12)
  33 yaks
  4 basilisks
  2 vampire mosquitoes (D:14)
  A redback (Lair:3)
  3 steam dragons
  Menkaure (D:7)
  Grum (D:7)
  4 wargs (Orc:1)
  An acid dragon (D:8)
  12 water moccasins
  Duvessa (D:5)
  22 orc warriors
  11 ogres
  3 black bears
  16 centaurs
  17 wolves
  2 phantoms
  3 lemures (D:7)
  5 kobold brigands
  16 bullfrogs
  4 gnoll sergeants
  5 scorpions
  8 wights
  Dowan (D:5)
  6 killer bees (D:7)
  3 howler monkeys
  An electric eel (D:10)
  2 hounds
  3 jellies
  20 orc priests
  A gnoll bouda (D:6)
  2 sleepcaps
  25 orc wizards
  6 iguanas
  9 adders
  27 gnolls
  2 ufetubi (D:5)
  6 worms
  2 dart slugs
  60 orcs
  5 ball pythons
  8 bats
  9 endoplasms
  5 giant cockroaches
  9 goblins
  10 hobgoblins
  5 jackals
  3 quokkas
  3 frilled lizards
  31 kobolds
  8 rats
647 creatures vanquished.

Vanquished Creatures (others)
  A hydra (Lair:5)
  A shadow (D:13)
  An orc wizard (D:9)
3 creatures vanquished.

Grand Total: 650 creatures vanquished

Notes
Turn   | Place    | Note
-------+----------+-------------------------------------------
     0 | D:1      | cheesebisquit the Troll Fighter began the quest for the
                  | Orb.
     0 | D:1      | Reached XP level 1. HP: 22/22 MP: 0/0
   194 | D:1      | Reached XP level 2. HP: 29/29 MP: 1/1
   292 | D:1      | Found a faded altar of an unknown god.
   412 | D:1      | Reached XP level 3. HP: 36/36 MP: 2/2
   720 | D:2      | Found Pofreef's Antique Armour Emporium.
   727 | D:2      | Bought a runed robe for 66 gold pieces
   752 | D:2      | Found Toczinwa's Antique Armour Shop.
   788 | D:2      | Reached skill level 3 in Unarmed Combat
  1092 | D:2      | Found Viocym's Book Boutique.
  1167 | D:2      | Found Padub's Armour Shoppe.
  1167 | D:2      | Noticed an animated shadow dragon scales
  1173 | D:2      | Noticed an animated pearl dragon scales
  1215 | D:2      | Found Ereirapsum's Book Shoppe.
  1370 | D:3      | Reached XP level 4. HP: 45/45 MP: 3/3
  1404 | D:3      | Noticed Grinder
  1421 | D:3      | Killed Grinder
  1422 | D:3      | Reached skill level 4 in Unarmed Combat
  1422 | D:3      | Reached XP level 5. HP: 24/53 MP: 4/4
  1422 | D:3      | Reached XP level 6. HP: 27/61 MP: 5/5
  1545 | D:3      | Reached skill level 5 in Unarmed Combat
  1671 | D:3      | Found a sacrificial altar of Ru.
  1682 | D:3      | Found a bloodstained altar of Trog.
  2117 | D:3      | Reached XP level 7. HP: 68/68 MP: 6/6
  2244 | D:4      | Found Roack's Antique Armour Boutique.
  2260 | D:4      | Bought a glowing cloak for 150 gold pieces
  2448 | D:4      | Found a burning altar of Makhleb.
  2725 | D:4      | Reached skill level 6 in Unarmed Combat
  2932 | D:5      | Entered Level 5 of the Dungeon
  2942 | D:5      | Identified the +3 leather armour of the Dice {rPois Regen+
                  | Int-5 Slay+5}
  3190 | D:5      | Reached XP level 8. HP: 78/79 MP: 7/7
  3238 | D:5      | Reached skill level 5 in Shields
  3423 | D:6      | Noticed Duvessa
  3423 | D:6      | Noticed Dowan
  3435 | D:5      | Killed Duvessa
  3436 | D:5      | Reached skill level 7 in Unarmed Combat
  3444 | D:5      | Killed Dowan
  3576 | D:4      | Bought a glowing robe for 74 gold pieces
  3646 | D:6      | Found a shimmering altar of Xom.
  3648 | D:6      | Found an iron altar of Okawaru.
  3648 | D:6      | Found a shadowy altar of Dithmenos.
  3695 | D:6      | Reached skill level 5 in Fighting
  3735 | D:6      | Found a transporter.
  3748 | D:6      | Noticed Cheops's ghost (novice TrFi)
  3748 | D:6      | Identified the +4 spear of Offence {chaos, Stlth+}
  3748 | D:6      | Identified the +0 ring mail of the Enormous God {rN+ Will+
                  | Dex-4 SInv}
  3829 | D:6      | Noticed Sigmund
  3835 | D:6      | Reached skill level 8 in Unarmed Combat
  3844 | D:6      | Killed Sigmund
  4007 | D:6      | Found a transporter.
  4074 | D:7      | Noticed Menkaure
  4084 | D:7      | Killed Menkaure
  4085 | D:7      | Reached XP level 9. HP: 69/88 MP: 8/8
  4107 | D:7      | Found a staircase to the Ecumenical Temple.
  4113 | Temple   | Entered the Ecumenical Temple
  4203 | D:7      | Found an ornate altar of the Wu Jian Council.
  4207 | D:7      | Became a worshipper of the Wu Jian Council
  4221 | D:7      | Reached skill level 9 in Unarmed Combat
  4320 | D:7      | Noticed Joseph
  4327 | D:7      | Killed Joseph
  4370 | D:7      | Noticed Pikel
  4403 | D:7      | Killed Pikel
  4404 | D:7      | Reached skill level 10 in Unarmed Combat
  4489 | D:7      | Found a glowing silver altar of Zin.
  5032 | D:7      | Reached * piety under Wu Jian
  5068 | D:8      | Reached XP level 10. HP: 65/100 MP: 9/9
  5076 | D:8      | Noticed Grum
  5095 | D:7      | Killed Grum
  5443 | D:8      | Reached skill level 11 in Unarmed Combat
  5471 | D:8      | Found an opulent altar of Gozag.
  5497 | D:8      | Noticed Maurice
  5527 | D:8      | Killed Maurice
  6269 | D:4      | Bought a creamy pearl robe for 114 gold pieces
  6269 | D:4      | Identified the +1 robe "Rodoka" {rN+ Dex+5} (You bought it
                  | in a shop on level 4 of the Dungeon)
  6337 | D:2      | Bought a creamy pearl robe for 119 gold pieces
  6337 | D:2      | Identified the +1 robe "Vauckes" {Archmagi} (You bought it
                  | in a shop on level 2 of the Dungeon)
  6544 | D:9      | Reached ** piety under Wu Jian
  6662 | D:9      | Found a blossoming altar of Fedhas.
  6662 | D:9      | Found a hazy altar of Hepliaklqana.
  7110 | D:10     | Entered Level 10 of the Dungeon
  7114 | D:10     | Found a staircase to the Orcish Mines.
  7416 | D:10     | Reached skill level 12 in Unarmed Combat
  7667 | D:10     | Found a staircase to the Lair.
  7922 | D:11     | Noticed a rust devil
  8072 | D:11     | Reached *** piety under Wu Jian
  8086 | D:11     | Noticed a boulder beetle
  8108 | D:11     | Killed a boulder beetle
  8109 | D:11     | Reached XP level 11. HP: 37/110 MP: 10/10
  8588 | D:12     | Noticed a deep elf pyromancer
  8594 | D:12     | Killed a deep elf pyromancer
  8780 | D:12     | Reached skill level 13 in Unarmed Combat
  9012 | D:6      | Killed Cheops's ghost
  9037 | D:6      | Identified the amulet "Abben" {Faith Will++ Dex-2}
  9167 | Lair:1   | Entered Level 1 of the Lair of Beasts
  9546 | Lair:1   | Reached **** piety under Wu Jian
  9679 | Lair:1   | Reached skill level 14 in Unarmed Combat
  9679 | Lair:1   | Reached XP level 12. HP: 122/122 MP: 11/11
 10274 | Lair:2   | Noticed Maggie
 10287 | Lair:2   | Killed Maggie
 10296 | Lair:2   | Reached ***** piety under Wu Jian
 10312 | Lair:2   | Reached skill level 10 in Shields
 10447 | Lair:2   | Reached skill level 15 in Unarmed Combat
 11405 | Lair:3   | Found a hole to the Spider Nest.
 11434 | Lair:3   | Reached XP level 13. HP: 132/132 MP: 12/12
 12669 | Lair:3   | Identified the +0 cloak of Good Intentions {Rampage *Slow
                  | Dex+6}
 14077 | Lair:5   | Entered Level 5 of the Lair of Beasts
 14300 | Lair:5   | Reached skill level 10 in Fighting
 14368 | Lair:5   | Reached skill level 16 in Unarmed Combat
 14392 | Lair:5   | Reached skill level 5 in Dodging
 14403 | Lair:5   | Reached ****** piety under Wu Jian
 14822 | Lair:5   | Found a viscous altar of Jiyva.
 14826 | Lair:5   | Found a staircase to the Slime Pits.
 15147 | Lair:5   | Reached XP level 14. HP: 109/144 MP: 13/13
 15416 | Lair:5   | Reached skill level 17 in Unarmed Combat
 16169 | Orc:1    | Entered Level 1 of the Orcish Mines
 16659 | Orc:2    | Entered Level 2 of the Orcish Mines
 16922 | Orc:2    | Found a staircase to the Elven Halls.
 17273 | Orc:2    | Found Doree's Jewellery Shoppe.
 17433 | Orc:2    | Found Vimohim's General Store.
 17444 | Orc:2    | Found Taawnil's Book Boutique.
 17446 | Orc:2    | Found Muaph's Antique Weapon Shoppe.
 17939 | D:12     | Noticed Rupert
 18430 | D:12     | Killed Rupert
 18611 | D:12     | Reached skill level 18 in Unarmed Combat
 19026 | D:13     | Reached XP level 15. HP: 142/154 MP: 14/14
 19678 | D:13     | Found a gate to the Vaults.
 19838 | D:13     | Paralysed by an ogre mage for 2 turns
 20395 | D:14     | Found Jera's Antique Armour Shoppe.
 20640 | D:14     | Found Rouwumy Niyth's General Store.
 20645 | D:14     | Bought a potion of heal wounds for 80 gold pieces
 21078 | D:14     | Found Mobecw's Armour Shoppe.
 21251 | D:15     | Entered Level 15 of the Dungeon
 21518 | D:15     | Found Cheibriados's Comfort Zone.
 21519 | D:15     | Found a snail-covered altar of Cheibriados.
 21765 | D:15     | Found the +2 pair of slick slippers {slick, slippery, EV+4}
 22096 | D:15     | Found a staircase to the Depths.
 22503 | Spider:1 | Entered Level 1 of the Spider Nest
 22956 | Lair:3   | Found a staircase to the Shoals.
 23023 | Lair:3   | Found a hole to the Spider Nest.
 23852 | Spider:1 | HP: 7/147 [pharaoh ant (11)]
 23852 | Spider:1 | HP: 1/147 [wolf spider[a broodmother] (6)]
 23853 | Spider:1 | Slain by a pharaoh ant

Illustrated notes

Levels and vault maps discovered:
D:1:      scummos_arrival_simple_fountains, layout_rooms,
          hellmonk_ecumenical_altar_lost_god, nicolae_eternal_life
D:2:      layout_loops_ring, serial_shops, nicolae_shop_hallway_plus,
          nicolae_shop_temple_entry_statues_fountains, nicolae_shop_mannequins,
          shop, nicolae_book_shop_shelving, minivault_19
D:3:      layout_basic, mainiacjoe_overflow_brackets, overflow_temple_1_default,
          st_stairs_5, kennysheep_another_room, minmay_joined_circles,
          uniq_grinder
D:4:      wander_river, layout_loops_cross, mainiacjoe_overflow_surrounded_room,
          serial_shops, shop
D:5:      layout_rooms
D:6:      layout_basic, grunt_temple_overflow_open,
          gammafunk_ghost_gnarly_gnolls, uniq_duvessa, uniq_sigmund
D:7:      layout_loops_ring, zin_academy, kennysheep_mini,
          minmay_temple_entry_crystal_x, enter_bailey_3, nicolae_titane,
          uniq_joseph, uniq_menkaure, uniq_pikel
D:8:      layout_cave_pools, grunt_gozag_statues, uniq_maurice, uniq_grum
D:9:      layout_basic, gammafunk_temple_overflow_wave, item_on_display_a
D:10:     nicolae_moon_pools, layout_basic, lair_entry_dummy, hive_lemuel
D:11:     layout_roguey
D:12:     nrook_guardian_serpent_snake_passage, layout_cave_pods, uniq_rupert
D:13:     layout_basic, skrybe_vaults_entry_preservation
D:14:     layout_basic, serial_shops, nicolae_shop_tiny_waterfront,
          nicolae_shop_back_alley_shop, kennysheep_little_box
D:15:     grunt_enter_depths_snipers, layout_loops_ring,
          dreamdust_princess_corridor, minmay_shop_chei, minmay_liquid_box,
          minmay_misc_feat_nine_boxes, drop_trap
Temple:   hellmonk_temple_of_storms
Lair:1:   layout_loops_ring
Lair:2:   layout_roguey, serial_bayou_shore_b, serial_bayou_shore_b, uniq_maggie
Lair:3:   layout_layer_cave, nicolae_shoals_entry_flooding,
          nicolae_spider_entry_non_spiders, grunt_megastairs_1
Lair:4:   layout_regular_city
Lair:5:   evilmike_catoblepas_cave, layout_regular_city,
          minmay_slime_entry_pillars, lookout_lair_type
Spider:1: layout_spider_delve, spiders_nest_hornet_nest, uniq_frances
Orc:1:    layout_diamond_mine
Orc:2:    st_orc_elflike, layout_diamond_mine

Skill      XL: |  1  2  3  4  5  6  7  8  9 10 11 12 13 14 15 |
---------------+----------------------------------------------+-----
Shields        | 3 4 6 7 8 9 10 11 12 | 12.9
Unarmed Combat | 3 4 5 6 8 10 12 14 15 16 18 | 18.9
Fighting       | 3 4 5 6 7 8 9 10 11 | 11.9
Dodging        | 4 5 7 8 |  8.1

Action                     |  1- 3 |  4- 6 |  7- 9 | 10-12 | 13-15 || total
---------------------------+-------+-------+-------+-------+-------++-------
  Melee: Unarmed           |   129 |   110 |   305 |   771 |  1037 ||  2352
         Flail             |       |       |       |       |    25 ||    25
         Morningstar       |       |       |       |       |    17 ||    17
  Throw: Dart              |     2 |       |    35 |    43 |   201 ||   281
         Large rock        |       |       |       |       |    16 ||    16
         Throwing net      |       |       |       |       |     6 ||     6
         Boomerang         |       |       |       |       |    41 ||    41
Ability: Lunge             |       |       |     9 |    40 |    79 ||   128
         Whirlwind         |       |       |       |    44 |    22 ||    66
  Evoke: Wand              |       |       |       |       |     5 ||     5
    Use: Potion            |       |     1 |     4 |     3 |    11 ||    19
         Scroll            |       |       |    10 |    15 |    17 ||    42
   Stab: Sleeping          |     1 |       |     1 |       |       ||     2
         Invisible         |       |       |       |       |     4 ||     4
         Held in net/web   |       |       |       |       |     3 ||     3
         Petrified         |       |       |       |       |     3 ||     3
 Armour: Robe              |    26 |    33 |    90 |   246 |   284 ||   679
         Steam dragon scal |       |       |       |   117 |       ||   117
         Swamp dragon scal |       |       |       |       |    64 ||    64
  Dodge: Dodged            |    43 |    31 |   107 |   235 |   262 ||   678
  Block: Kite shield       |    51 |    26 |   135 |   558 |   565 ||  1335
